[Event "Titled Tuesday Blitz May 24 Late 2022"]
[White "Msellek, Ilyass"]
[Black "Riehle, Marco"]
[WhiteFideId "675938"]
[BlackFideId "12904392"]
[WhiteElo "2221"]
[BlackElo "2462"]
[Result "0-1"]
[Round "02"]
[TimeControl "180+1"]
[Date "2022.05.24"]
[WhiteClock "0:00:01"]
[BlackClock "0:01:26"]

1. d4 d5 2. c4 e6 3. Nc3 c5 4. cxd5 cxd4 5. Qxd4 Nc6 6. Qd1 exd5 7. Qxd5 Be6 8. Qd1 Qxd1+ 9. Kxd1 O-O-O+ 10. Bd2 Nf6 11. e3 Bb4 12. Nf3 Bxc3 13. bxc3 Ne4 14. Ke1 Bg4 15. Rd1 Ne5 16. Be2 Nd3+ 17. Bxd3 Rxd3 18. Ne5 Bxd1 19. Nxd3 Ba4 20. Nb2 Rd8 21. Bc1 Nxc3 22. f3 Nxa2 23. Bd2 Bb5 24. e4 f6 25. h4 b6 26. h5 a5 27. h6 g6 28. Rh3 a4 29. f4 Rd4 30. e5 fxe5 31. fxe5 Re4+ 32. Kd1 Nb4 33. Ra3 Nc6 34. g4 Nxe5 35. Rc3+ Kb7 36. Kc2 Nxg4 37. Rf3 Ne5 38. Rf6 a3 0-1


[Site "https://www.chess.com"]

[Event "Titled Tuesday Blitz May 24 Late 2022"]
[White "Nakamura, Hikaru"]
[Black "Sokolovsky, Yahli"]
[WhiteFideId "2016192"]
[BlackFideId "2820242"]
[WhiteElo "2850"]
[BlackElo "1770"]
[Result "1-0"]
[Round "02"]
[TimeControl "180+1"]
[Date "2022.05.24"]
[WhiteClock "0:02:03"]
[BlackClock "0:00:03"]

1. Nf3 g6 2. e4 Bg7 3. d4 d6 4. Bc4 e6 5. Bb3 Ne7 6. h4 h5 7. Bg5 c5 8. c3 Nbc6 9. dxc5 dxc5 10. Qxd8+ Nxd8 11. Nbd2 Bd7 12. Nc4 Nc8 13. O-O-O Nc6 14. a4 e5 15. Nd6+ Nxd6 16. Rxd6 Bg4 17. Bd5 Rc8 18. Rd1 O-O 19. Rxg6 Kh7 20. Rd6 f6 21. Be3 Na5 22. Be6 Bxe6 23. Rxe6 Rc7 24. Rd5 Rb8 25. Nd2 Rbc8 26. Red6 Kg8 27. Rd7 b6 28. f3 Kf8 29. Rxc7 Rxc7 30. Kc2 Ke7 31. Nf1 Ke6 32. Ng3 Nc4 33. Bc1 Bh8 34. Nxh5 Rh7 35. g4 Bg7 36. Nxg7+ Rxg7 37. h5 Nd6 38. Rd1 Nf7 39. Be3 Rh7 40. Kd3 Rh8 41. Kc4 Nd6+ 42. Kb3 Nf7 43. a5 Rb8 44. a6 Rc8 45. h6 Rh8 46. Rh1 Rh7 47. Ka4 Nd6 48. b3 Kf7 49. b4 b5+ 50. Kb3 c4+ 51. Kc2 Ke6 52. Kd2 1-0


[Site "https://www.chess.com"]

[Event "Titled Tuesday Blitz May 24 Late 2022"]
[White "Nazaretyan, Tigran"]
[Black "Makarian, Rudik"]
[WhiteFideId "24162345"]
[BlackFideId "44105681"]
[WhiteElo "2225"]
[BlackElo "2419"]
[Result "1/2-1/2"]
[Round "02"]
[TimeControl "180+1"]
[Date "2022.05.24"]
[WhiteClock "0:00:12"]
[BlackClock "0:00:10"]

1. d4 Nf6 2. c4 e6 3. Nf3 b6 4. a3 Bb7 5. Nc3 d5 6. cxd5 Nxd5 7. e3 Nd7 8. Bb5 a6 9. Bd3 Be7 10. e4 Nxc3 11. bxc3 O-O 12. O-O c5 13. a4 Rc8 14. d5 c4 15. Bc2 Nc5 16. dxe6 fxe6 17. Qe2 Nd3 18. Rd1 Bc5 19. Bxd3 cxd3 20. Rxd3 Qf6 21. Ba3 Bxa3 22. Rxa3 Qf4 23. Qe3 Qxe4 24. Qxe4 Bxe4 25. Rd6 Rfd8 26. Rxd8+ Rxd8 27. h4 Rd1+ 28. Kh2 Rb1 29. Nd2 Re1 30. Nxe4 Rxe4 31. g3 Re2 32. Kg2 Rb2 33. Kf3 Kf7 34. Ke3 Ke7 35. f3 Kd6 36. g4 Kc5 37. Kd3 g6 38. Ra1 Rf2 39. Ke4 Rd2 40. Ke5 Re2+ 41. Kf6 Re3 42. Kg7 Rxf3 43. Kxh7 Rf4 44. g5 Rxh4+ 45. Kxg6 Kc4 46. Rb1 Kxc3 47. Rxb6 Rxa4 48. Rxe6 a5 49. Kf5 Ra1 50. Re3+ Kb4 51. Rg3 Rf1+ 52. Ke4 Rf8 53. g6 Rg8 54. Kd5 a4 55. Rg4+ Kb3 56. g7 a3 57. Rg3+ Kb2 58. Kc4 a2 59. Rg2+ Ka3 60. Rg3+ Ka4 61. Rg6 Rc8+ 62. Kd3 Kb3 63. Rb6+ Ka3 64. Ra6+ Kb2 65. Rb6+ Kc1 66. Ra6 Kb1 67. Rb6+ Ka1 68. Rf6 Rg8 69. Rf7 Kb2 70. Rb7+ Kc1 71. Rc7+ Kb1 72. Rb7+ Kc1 73. Rc7+ Kb2 74. Rb7+ Kc1 1/2-1/2


[Site "https://www.chess.com"]

[Event "Titled Tuesday Blitz May 24 Late 2022"]
[White "Novikova, Galina"]
[Black "Guzman, Christopher"]
[WhiteFideId "4157095"]
[BlackFideId "6405096"]
[WhiteElo "1863"]
[BlackElo "2244"]
[Result "0-1"]
[Round "02"]
[TimeControl "180+1"]
[Date "2022.05.25"]
[WhiteClock "0:01:11"]
[BlackClock "0:01:36"]

1. e4 c6 2. d4 d5 3. exd5 cxd5 4. c4 Nf6 5. Nc3 Nc6 6. Bg5 e6 7. Nf3 Be7 8. Bd3 dxc4 9. Bxc4 O-O 10. O-O Nb4 11. a3 Nbd5 12. Rc1 h6 13. Bh4 b6 14. Ne5 Bb7 15. Qd2 Rc8 16. Ba2 Nxc3 17. Rxc3 Rxc3 18. Qxc3 Nd5 19. Bxd5 Bxd5 20. Bxe7 Qxe7 21. Rc1 Rd8 22. Qc7 Qxc7 23. Rxc7 f6 24. Ng6 Be4 25. Ne7+ Kf8 26. f3 Bh7 27. Nc6 Rd6 28. b4 Bd3 29. Kf2 a6 30. Ke3 Bb5 31. Na7 Bf1 32. g3 e5 33. dxe5 fxe5 34. Nc8 Rd3+ 35. Kf2 Bh3 36. Nxb6 Rxa3 37. Nd7+ Ke7 38. Nc5+ Kf8 39. Ra7 Ra2+ 40. Ke3 Rxh2 41. Nxa6 Bf1 42. Nc5 Re2+ 43. Kd3 Ra2+ 0-1


[Site "https://www.chess.com"]

[Event "Titled Tuesday Blitz May 24 Late 2022"]
[White "Nozdrachev, Leonid"]
[Black "Terry, Renato"]
[WhiteFideId "24113433"]
[BlackFideId "3803457"]
[WhiteElo "2255"]
[BlackElo "2577"]
[Result "0-1"]
[Round "02"]
[TimeControl "180+1"]
[Date "2022.05.25"]
[WhiteClock "0:00:02"]
[BlackClock "0:00:16"]

1. e4 e6 2. d4 d5 3. exd5 exd5 4. c4 Bb4+ 5. Nc3 Ne7 6. Bd3 O-O 7. Ne2 dxc4 8. Bxc4 Nbc6 9. O-O Nf5 10. a3 Bd6 11. Nb5 a6 12. Nxd6 Nxd6 13. Ba2 Bg4 14. f3 Bf5 15. Bf4 Re8 16. Qd2 Qd7 17. Rfe1 Rad8 18. Rad1 Ne7 19. Ng3 Bg6 20. Bg5 h6 21. Bh4 Rc8 22. Bxe7 Rxe7 23. Rxe7 Qxe7 24. Qf4 Rd8 25. Kf2 Nb5 26. Bc4 Nd6 27. Bb3 Re8 28. h4 h5 29. Qg5 Qxg5 30. hxg5 h4 31. Ne2 Kf8 32. Bd5 c6 33. Ba2 Bc2 34. Rd2 Bf5 35. Nc3 g6 36. Rd1 Kg7 37. Rh1 Rh8 38. Re1 Kf8 39. Na4 Rh5 40. Rh1 Bc8 41. Nc5 Nf5 42. Ne4 Nxd4 43. Nf6 Rh8 44. Rd1 c5 45. b4 b6 46. bxc5 bxc5 47. Rc1 Be6 48. Bb1 Nb3 49. Rd1 Kg7 50. Bd3 Rd8 51. Ke2 c4 52. Be4 Rc8 53. Rd6 c3 54. Bc2 Na1 55. Kd1 Nxc2 56. Kxc2 Bf5+ 57. Ne4 Rc5 58. Rxa6 Bxe4+ 59. fxe4 Rxg5 60. Kxc3 Rxg2 61. Rd6 h3 62. Rd1 h2 63. Rh1 g5 64. Kb3 g4 65. a4 g3 66. a5 Rg1 67. a6 Rxh1 68. a7 Ra1 69. a8=Q Rxa8 0-1


[Site "https://www.chess.com"]

[Event "Titled Tuesday Blitz May 24 Late 2022"]
[White "O`Gorman, Tom"]
[Black "Drygalov, Sergey"]
[WhiteFideId "2508249"]
[BlackFideId "24171743"]
[WhiteElo "2247"]
[BlackElo "2514"]
[Result "0-1"]
[Round "02"]
[TimeControl "180+1"]
[Date "2022.05.24"]
[WhiteClock "0:00:17"]
[BlackClock "0:01:33"]

1. e4 c5 2. Nf3 d6 3. d4 cxd4 4. Nxd4 Nf6 5. Nc3 a6 6. Bg5 Nbd7 7. Qe2 e6 8. f4 Qc7 9. O-O-O Be7 10. g4 b5 11. Bg2 Bb7 12. e5 dxe5 13. Ndxb5 axb5 14. Nxb5 Qb6 15. Bxb7 Qxb7 16. fxe5 Nd5 17. Bxe7 Kxe7 18. c4 Rhc8 19. Kb1 Rc5 20. Nd6 Nc3+ 21. Kc2 Qxh1 22. Kxc3 Qc6 23. Qf2 Nxe5 24. Ne4 Rxc4+ 25. Kd2 Rc2+ 0-1


[Site "https://www.chess.com"]

[Event "Titled Tuesday Blitz May 24 Late 2022"]
[White "Ohanyan, Emin"]
[Black "Jarocka, Liwia"]
[WhiteFideId "13312022"]
[BlackFideId "21807558"]
[WhiteElo "1927"]
[BlackElo "1887"]
[Result "1-0"]
[Round "02"]
[TimeControl "180+1"]
[Date "2022.05.25"]
[WhiteClock "0:00:01"]
[BlackClock "0:00:25"]

1. e4 c5 2. Nf3 e6 3. d4 cxd4 4. Nxd4 Nf6 5. Nc3 d6 6. g4 h6 7. h4 Nc6 8. Rg1 d5 9. Nxc6 bxc6 10. g5 hxg5 11. hxg5 Nxe4 12. Nxe4 dxe4 13. Qxd8+ Kxd8 14. Be3 Kc7 15. O-O-O Bd6 16. Rd4 Bb7 17. Bg2 c5 18. Ra4 Bc6 19. Ra5 Kb6 20. b4 Rac8 21. Bxc5+ Bxc5 22. Rxc5 Bd5 23. Rxc8 Rxc8 24. a3 Rh8 25. Rh1 Rg8 26. Rh4 f5 27. gxf6 gxf6 28. Bxe4 Bxe4 29. Rxe4 e5 30. Kd2 a5 31. c4 Rg1 32. Rh4 Ra1 33. Rh6 Ra2+ 34. Ke1 Rxa3 35. Rxf6+ Kb7 36. b5 Rc3 37. Rc6 a4 38. Kd2 Rf3 39. Ra6 Rxf2+ 40. Kc3 Ra2 41. c5 e4 42. c6+ Kc7 43. Ra7+ Kc8 44. b6 Ra1 45. Ra8# 1-0


[Site "https://www.chess.com"]

[Event "Titled Tuesday Blitz May 24 Late 2022"]
[White "Olafsson, Helgi"]
[Black "Lutz, Igor Oscar"]
[WhiteFideId "2300010"]
[BlackFideId "2110806"]
[WhiteElo "2463"]
[BlackElo "1741"]
[Result "1-0"]
[Round "02"]
[TimeControl "180+1"]
[Date "2022.05.25"]
[WhiteClock "0:01:39"]
[BlackClock "0:01:14"]

1. Nf3 d5 2. g3 c5 3. Bg2 Nc6 4. O-O e6 5. d4 cxd4 6. Nxd4 Nf6 7. c4 Bc5 8. Nb3 Be7 9. cxd5 Nxd5 10. Nc3 Nxc3 11. bxc3 O-O 12. Be3 Qc7 13. Rb1 Rd8 14. Qc2 Nb4 15. Qb2 Nd5 16. Bd2 Rb8 17. c4 Nf6 18. Bf4 Bd6 19. Bxd6 Qxd6 20. c5 Qe7 21. Na5 Bd7 22. Nxb7 Rdc8 23. Qe5 Bc6 24. Bxc6 1-0


[Site "https://www.chess.com"]

[Event "Titled Tuesday Blitz May 24 Late 2022"]
[White "Onslow, Alfie"]
[Black "D`Arruda, Ricardo D."]
[WhiteFideId "436976"]
[BlackFideId "100692"]
[WhiteElo "1885"]
[BlackElo "2497"]
[Result "0-1"]
[Round "02"]
[TimeControl "180+1"]
[Date "2022.05.25"]
[WhiteClock "0:00:01"]
[BlackClock "0:00:16"]

1. e4 c5 2. Nc3 e6 3. Nf3 Nf6 4. e5 Nd5 5. g3 d6 6. Bg2 Nc6 7. Qe2 Be7 8. O-O O-O 9. exd6 Qxd6 10. Ne4 Qc7 11. c3 b6 12. d3 Bb7 13. h4 h6 14. Nh2 Rad8 15. a3 Rfe8 16. c4 Nd4 17. Qd1 Nf6 18. Nxf6+ Bxf6 19. Ng4 Be7 20. Be3 Bxg2 21. Kxg2 Qc6+ 22. f3 Nf5 23. Qe2 h5 24. Nf2 Bf6 25. Ne4 Bxb2 26. Rae1 Bd4 27. Bxd4 cxd4 28. Kh2 Ne3 29. Rg1 f5 30. Ng5 e5 31. f4 Ng4+ 32. Kh3 exf4 33. Qa2 Re3 34. c5+ Qd5 35. Qxd5+ Rxd5 36. c6 Rc5 37. Rc1 Re7 38. Rxc5 bxc5 39. gxf4 Nf2+ 40. Kg2 Nxd3 41. Rd1 Nxf4+ 42. Kf3 Nd5 43. Rc1 Nc3 44. Kf4 Rc7 45. Nf3 Rxc6 46. Ne5 Ra6 47. Kxf5 Rxa3 48. Rg1 Ra2 49. Ke6 Rf2 50. Rg5 Re2 51. Rxh5 g6 52. Rg5 Kh7 53. h5 gxh5 54. Kf7 Rf2+ 55. Ke7 Nd5+ 56. Ke6 Nf4+ 57. Kf5 d3 58. Ke4 d2 0-1


[Site "https://www.chess.com"]

[Event "Titled Tuesday Blitz May 24 Late 2022"]
[White "Oparin, Grigoriy"]
[Black "Jaracz, Pawel"]
[WhiteFideId "24125890"]
[BlackFideId "1102222"]
[WhiteElo "2665"]
[BlackElo "2429"]
[Result "1-0"]
[Round "02"]
[TimeControl "180+1"]
[Date "2022.05.24"]
[WhiteClock "0:00:09"]
[BlackClock "0:00:02"]

1. c4 e6 2. Nf3 d5 3. g3 d4 4. Bg2 Nc6 5. d3 Nf6 6. O-O a5 7. e3 dxe3 8. Bxe3 Ng4 9. Nc3 Be7 10. d4 Nxe3 11. fxe3 O-O 12. Qe2 a4 13. Rad1 a3 14. b3 Nb4 15. e4 c5 16. d5 exd5 17. cxd5 b6 18. Qe3 Ba6 19. Rf2 c4 20. bxc4 Bc5 21. Nd4 f6 22. h4 Bxc4 23. Kh2 Re8 24. Qf3 Qd6 25. Rfd2 Bxd4 26. Rxd4 b5 27. Bf1 Bxf1 28. Qxf1 Qc5 29. Qxb5 Qxc3 30. Qxb4 Qf3 31. R1d2 Rab8 32. Qa4 Rec8 33. R4d3 Qf1 34. Qd1 Qxd1 35. Rxd1 Rc2+ 36. R1d2 Rxd2+ 37. Rxd2 Rb2 38. Rg2 h5 39. Kh3 Kf7 40. Rg1 Rxa2 41. Rc1 Re2 42. Rc7+ Kg6 43. Ra7 a2 44. d6 Rxe4 45. Rxa2 Rd4 46. Ra6 Kf5 47. Ra5+ Kg6 48. Ra6 Rd5 49. Kg2 Kf5 50. Ra7 g5 51. hxg5 fxg5 52. d7 Rd2+ 53. Kf3 Rd3+ 54. Ke2 Rd5 55. Ra5 Rxa5 56. d8=Q Re5+ 57. Kf2 Re6 58. Qg8 Rf6 59. Kg2 Kg4 60. Qc8+ Rf5 61. Qc4+ 1-0


[Site "https://www.chess.com"]

[Event "Titled Tuesday Blitz May 24 Late 2022"]
[White "Papasimakopoulos, Alexandros"]
[Black "Senthilkumar, Pranav"]
[WhiteFideId "4244125"]
[BlackFideId "2083477"]
[WhiteElo "2340"]
[BlackElo "2415"]
[Result "1-0"]
[Round "02"]
[TimeControl "180+1"]
[Date "2022.05.25"]
[WhiteClock "0:01:44"]
[BlackClock "0:01:32"]

1. d4 Nf6 2. c4 c5 3. d5 b5 4. Nf3 bxc4 5. Nc3 d6 6. e4 g6 7. Bxc4 Bg7 8. h3 O-O 9. O-O a5 10. Re1 Ba6 11. Bxa6 Nxa6 12. e5 dxe5 13. Nxe5 Nb4 14. a3 Nbxd5 15. Nc6 Qc7 16. Nxd5 e6 17. Bf4 Qb7 18. Nxf6+ Bxf6 19. Ne5 Rfd8 20. Qc2 Rd4 21. Bg3 Rad8 22. Qxc5 Qxb2 23. Nf3 R4d5 24. Qc7 R8d7 25. Qc1 Qb7 26. Rb1 Qa7 27. Qc8+ Rd8 28. Qc7 Qa6 29. Rb7 R8d7 30. Qxd7 Rxd7 31. Rxd7 Qb5 32. Red1 Qb3 33. R7d3 Qc2 34. Be5 Bxe5 35. Nxe5 Qb2 36. Nc4 a4 37. Nxb2 1-0


[Site "https://www.chess.com"]

[Event "Titled Tuesday Blitz May 24 Late 2022"]
[White "Papp, Petra"]
[Black "Tologon tegin, Semetei"]
[WhiteFideId "739049"]
[BlackFideId "13800574"]
[WhiteElo "2259"]
[BlackElo "2258"]
[Result "1-0"]
[Round "02"]
[TimeControl "180+1"]
[Date "2022.05.25"]
[WhiteClock "0:00:24"]
[BlackClock "0:00:02"]

1. e4 e5 2. Nf3 Nc6 3. Bb5 a6 4. Ba4 Nf6 5. O-O Be7 6. Re1 b5 7. Bb3 O-O 8. c3 d6 9. h3 Nb8 10. d4 Nbd7 11. Nbd2 Bb7 12. Bc2 Re8 13. Nf1 Bf8 14. Ng3 g6 15. Bg5 h6 16. Bd2 Bg7 17. Qc1 Kh7 18. a4 c5 19. d5 c4 20. b4 cxb3 21. Bxb3 Nc5 22. Bc2 bxa4 23. Qa3 Nfd7 24. Nh2 Qc7 25. Ng4 Nb6 26. Ne3 Bc8 27. Rab1 Bd7 28. c4 a5 29. Rb2 h5 30. Reb1 Reb8 31. Ne2 Bh6 32. Qa2 Nb3 33. Bxb3 Bxe3 34. Bxe3 axb3 35. Rxb3 Qxc4 36. Rc1 Qa4 37. Qb1 Ra6 38. Kh2 f5 39. Bxb6 fxe4 40. Rc7 Kg8 41. Ng3 Bf5 42. Nxf5 gxf5 43. Qc1 1-0


[Site "https://www.chess.com"]

[Event "Titled Tuesday Blitz May 24 Late 2022"]
[White "Paravyan, David"]
[Black "De Souza, Regis Gabetta"]
[WhiteFideId "4194985"]
[BlackFideId "22756930"]
[WhiteElo "2569"]
[BlackElo "1926"]
[Result "1/2-1/2"]
[Round "02"]
[TimeControl "180+1"]
[Date "2022.05.24"]
[WhiteClock "0:00:07"]
[BlackClock "0:00:10"]

1. e4 c5 2. Nf3 e6 3. d4 cxd4 4. Nxd4 a6 5. Nc3 Qc7 6. Bd3 Nf6 7. O-O Nc6 8. Nxc6 bxc6 9. Qe2 d6 10. f4 e5 11. Kh1 Be7 12. fxe5 dxe5 13. Bg5 O-O 14. Bc4 a5 15. b3 h6 16. Bh4 Bg4 17. Qe3 Nh5 18. Bxe7 Qxe7 19. Rf2 Be6 20. Bxe6 Qxe6 21. Rf5 Nf4 22. Ne2 Ng6 23. a4 c5 24. Nc3 c4 25. Nd5 cxb3 26. cxb3 Rab8 27. Raf1 Qc6 28. h4 Qe6 29. Qg3 Nf4 30. Nxf4 exf4 31. Qxf4 Rxb3 32. Rxa5 Rb4 33. Re5 Qa6 34. a5 Ra4 35. Re7 Qg6 36. Qf5 Qxf5 37. Rxf5 f6 38. Rd5 Kh8 39. h5 Ra8 40. Rdd7 Rg8 41. Ra7 Kh7 42. Kh2 Ra3 43. g3 Kh8 44. Kh3 Kh7 45. Kg4 Kh8 46. Kf4 Ra1 47. Kf5 Kh7 48. Kg4 Ra4 49. Kf4 Ra1 50. e5 fxe5+ 51. Kxe5 Re1+ 52. Kf4 Rf1+ 53. Kg4 Ra1 54. Kh3 Rh1+ 55. Kg4 Ra1 56. Re4 Rc8 57. Rf4 Rc5 58. a6 Rg5+ 59. Kf3 Ra3+ 60. Kf2 Rgxg3 61. Ra8 Rg5 62. Rh4 Rf5+ 63. Kg2 Rfa5 64. a7 Rxa7 65. Rxa7 Rxa7 66. Rh1 Ra2+ 67. Kg3 Ra3+ 68. Kg4 Ra4+ 69. Kg3 Ra5 70. Kg4 Rg5+ 71. Kh4 g6 72. hxg6+ Kxg6 73. Ra1 Rh5+ 74. Kg4 Rg5+ 75. Kh4 Rh5+ 76. Kg4 Rg5+ 77. Kh4 1/2-1/2


[Site "https://www.chess.com"]

[Event "Titled Tuesday Blitz May 24 Late 2022"]
[White "Peralta, Eduardo"]
[Black "Santos Ruiz, Miguel"]
[WhiteFideId "3700062"]
[BlackFideId "22291482"]
[WhiteElo "2125"]
[BlackElo "2486"]
[Result "1/2-1/2"]
[Round "02"]
[TimeControl "180+1"]
[Date "2022.05.24"]
[WhiteClock "0:00:36"]
[BlackClock "0:00:25"]

1. Nf3 d6 2. g3 e5 3. Bg2 f5 4. O-O Nf6 5. d3 g6 6. c4 Bg7 7. Nc3 O-O 8. Rb1 a5 9. a3 Nh5 10. Bg5 Qe8 11. Nd5 Rf7 12. Bd2 h6 13. b4 axb4 14. axb4 Kh7 15. b5 Be6 16. Nh4 Ra2 17. e3 Qd8 18. Nc3 Ra7 19. b6 cxb6 20. Nb5 Ra6 21. Bb4 Bf8 22. Qd2 Nc6 23. Bc3 Nf6 24. Rfd1 d5 25. Nf3 dxc4 26. Nxe5 Nxe5 27. Bxe5 cxd3 28. Qxd3 Qxd3 29. Rxd3 Nd7 30. Bd6 Nc5 31. Rdd1 Bxd6 32. Nxd6 Rd7 33. Bf1 Bb3 34. Rd2 Ra5 35. Be2 Kg8 36. Bf1 Kf8 37. Rd4 1/2-1/2


[Site "https://www.chess.com"]

[Event "Titled Tuesday Blitz May 24 Late 2022"]
[White "Petre, Nad-Titus"]
[Black "Pranav, V"]
[WhiteFideId "1204165"]
[BlackFideId "25060783"]
[WhiteElo "2354"]
[BlackElo "2349"]
[Result "0-1"]
[Round "02"]
[TimeControl "180+1"]
[Date "2022.05.24"]
[WhiteClock "0:00:06"]
[BlackClock "0:00:27"]

1. e4 e5 2. Bc4 Nf6 3. d3 Nc6 4. Nf3 Be7 5. O-O O-O 6. Re1 d6 7. a4 Na5 8. Ba2 c5 9. c3 Be6 10. h3 Nc6 11. Na3 h6 12. Nc4 Nd7 13. Bd2 Re8 14. Ne3 Bf8 15. Bd5 Nf6 16. Bc4 Qd7 17. a5 Rab8 18. b4 cxb4 19. cxb4 Ne7 20. Qb3 Ng6 21. Nd5 Nxd5 22. Bxd5 Bxd5 23. exd5 f5 24. b5 Be7 25. Rac1 Bf6 26. Rc4 Qf7 27. Rcc1 Ne7 28. Rc7 Qxd5 29. Qc4 Qxc4 30. Rxc4 Rbc8 31. Rec1 Rxc4 32. Rxc4 Rc8 33. Be3 a6 34. bxa6 bxa6 35. Nd2 Kf7 36. f4 Ke6 37. Kf2 Rxc4 38. Nxc4 Nd5 39. fxe5 dxe5 40. Bc5 Nf4 41. Nb2 e4 42. d4 Kd5 43. Nd1 Nd3+ 44. Ke3 Nxc5 45. dxc5 Kxc5 46. Kf4 g6 47. g4 Bg5+ 48. Ke5 e3 49. Nb2 Kb4 50. gxf5 gxf5 51. Kxf5 Kc3 52. Nd1+ Kd2 53. Nxe3 Kxe3 54. Kg6 Kf3 55. h4 Bxh4 56. Kxh6 Be1 0-1


[Site "https://www.chess.com"]

[Event "Titled Tuesday Blitz May 24 Late 2022"]
[White "Petrova, Irina"]
[Black "Araujo Sanchez, Josue"]
[WhiteFideId "14124122"]
[BlackFideId "6416896"]
[WhiteElo "1993"]
[BlackElo "2339"]
[Result "0-1"]
[Round "02"]
[TimeControl "180+1"]
[Date "2022.05.25"]
[WhiteClock "0:00:10"]
[BlackClock "0:01:50"]

1. e4 c5 2. Nf3 d6 3. Bb5+ Nd7 4. O-O Nf6 5. Re1 a6 6. Bf1 e5 7. c3 Be7 8. d4 O-O 9. a4 b6 10. d5 Re8 11. c4 Nf8 12. h3 Ng6 13. Nc3 Bf8 14. Qc2 Nh5 15. Ne2 h6 16. Ng3 Nhf4 17. Bd2 Qf6 18. Nh2 Nh4 19. a5 Rb8 20. axb6 Rxb6 21. b4 cxb4 22. Qa4 Rd8 23. Bxb4 Rb8 24. Ba5 Bd7 25. Qa3 Rdc8 26. Bb4 h5 27. c5 dxc5 28. Bc3 Bb5 29. Bxb5 axb5 30. Qb2 Bd6 31. Ra6 g6 32. Rxd6 Qxd6 33. Bxe5 Nd3 34. Bxd6 Nxb2 35. Bxb8 Rxb8 36. e5 c4 37. d6 Nd3 38. Re3 b4 39. Ne4 Nf5 40. Nf6+ Kg7 41. Re4 c3 42. Nd5 c2 0-1


[Site "https://www.chess.com"]

[Event "Titled Tuesday Blitz May 24 Late 2022"]
[White "Petrovic, Aleksa"]
[Black "Colivet Gamboa, Julio Cesar"]
[WhiteFideId "967629"]
[BlackFideId "3949583"]
[WhiteElo "2144"]
[BlackElo "1743"]
[Result "1-0"]
[Round "02"]
[TimeControl "180+1"]
[Date "2022.05.25"]
[WhiteClock "0:01:03"]
[BlackClock "0:01:15"]

1. d4 Nf6 2. c4 c5 3. d5 b5 4. cxb5 a6 5. e3 g6 6. Nc3 Bg7 7. a4 O-O 8. e4 d6 9. Nf3 Bd7 10. Ra3 axb5 11. axb5 Rxa3 12. bxa3 Qa5 13. Qd2 Ng4 14. Bb2 f5 15. exf5 Bxf5 16. Be2 Nd7 17. O-O Nde5 18. h3 Nxf3+ 19. Bxf3 Ne5 20. Be2 h5 21. f4 Nd7 22. g4 hxg4 23. hxg4 Bd4+ 24. Kg2 Qa8 25. gxf5 Bxc3 26. Qxc3 Qxd5+ 27. Bf3 Qxf5 28. Qg7# 1-0


[Site "https://www.chess.com"]

[Event "Titled Tuesday Blitz May 24 Late 2022"]
[White "Prieto Aranguren, Alain"]
[Black "Lehtosaari, Mauri"]
[WhiteFideId "2268906"]
[BlackFideId "501999"]
[WhiteElo "2235"]
[BlackElo "2501"]
[Result "1-0"]
[Round "02"]
[TimeControl "180+1"]
[Date "2022.05.25"]
[WhiteClock "0:00:22"]
[BlackClock "0:00:14"]

1. d4 d5 2. c4 c6 3. Nf3 Nf6 4. Nc3 dxc4 5. a4 Bf5 6. e3 e6 7. Bxc4 Bb4 8. O-O O-O 9. Qe2 Bg6 10. Ne5 Nbd7 11. Nxg6 hxg6 12. e4 e5 13. d5 Qa5 14. Bd2 Rac8 15. Bb3 Nc5 16. Bc2 Rfd8 17. dxc6 bxc6 18. Rfd1 Ne6 19. Be3 Nd4 20. Bxd4 exd4 21. Na2 Bd6 22. g3 Bc5 23. Qc4 Bb6 24. Bb3 Rd7 25. Nb4 Qc5 26. Qxc5 Bxc5 27. Nd3 Bf8 28. f3 c5 29. Bc4 Rb8 30. b3 Rc7 31. Rac1 Nd7 32. Kf2 Nb6 33. Rb1 Rcb7 34. Ba6 Rc7 35. Rdc1 g5 36. Ke2 g6 37. Ne5 Kg7 38. Nc4 Nxc4 39. Bxc4 Bd6 40. Kd3 a5 41. Bb5 Rh8 42. Rc2 Re7 43. Kc4 Re5 44. Bc6 f5 45. Bd5 g4 46. fxg4 fxe4 47. Rf2 Re7 48. Rbf1 e3 49. Rf7+ Rxf7 50. Rxf7+ Kh6 51. Kd3 Rd8 52. Ke2 Rb8 53. Kf3 Rf8 54. Rxf8 Bxf8 55. h4 g5 56. h5 Bd6 57. Bc4 Kg7 58. Bd3 Bf8 59. Ke4 Kf6 60. Kd5 Kf7 61. Kc6 Ke6 62. Kb6 Ke5 63. Kxa5 e2 64. Bxe2 Ke4 65. Kb5 Ke3 66. Bc4 d3 67. Bxd3 Kxd3 68. a5 Kc3 69. a6 Kxb3 70. a7 c4 71. a8=Q Bd6 72. Qd5 Bxg3 73. Qxc4+ Kb2 74. Qe2+ Ka1 75. Qf1+ Be1 76. Qxe1+ Kb2 77. Qe3 1-0


[Site "https://www.chess.com"]

[Event "Titled Tuesday Blitz May 24 Late 2022"]
[White "Przybylski, Wojciech"]
[Black "Lopez Del Alamo, Antonio"]
[WhiteFideId "1117599"]
[BlackFideId "2227339"]
[WhiteElo "2133"]
[BlackElo "2089"]
[Result "0-1"]
[Round "02"]
[TimeControl "180+1"]
[Date "2022.05.25"]
[WhiteClock "0:00:11"]
[BlackClock "0:00:41"]

1. d4 Nf6 2. c4 g6 3. Nc3 Bg7 4. e4 d6 5. Nf3 O-O 6. h3 e5 7. d5 c6 8. Be2 cxd5 9. cxd5 a6 10. O-O b5 11. Be3 b4 12. Na4 Nxe4 13. Nb6 Bb7 14. Nxa8 Bxa8 15. Qa4 a5 16. Qb5 Nd7 17. Bd3 Nec5 18. Rfd1 e4 19. Bxe4 Nxe4 20. Qc4 Nec5 21. Bd4 Bb7 22. Bxg7 Kxg7 23. Nd4 Qf6 24. a3 Ba6 25. Qc2 bxa3 26. Rxa3 a4 27. Rf3 Qe5 28. Nc6 Qe2 29. Qc3+ Ne5 30. Re1 Qc4 31. Nxe5 Qxc3 32. Rxc3 Rb8 33. Nc4 Bxc4 34. Rxc4 Rxb2 35. Rcc1 a3 36. Rb1 Rd2 37. Rbd1 Rxd1 38. Rxd1 Nb3 39. Kf1 a2 40. Ke2 a1=Q 41. Rxa1 Nxa1 42. Kd3 Kf6 43. Kc3 Ke5 44. Kb2 Kxd5 45. Kxa1 Kd4 46. Kb2 Kd3 47. Kb3 d5 48. Kb4 Ke2 49. Kc5 Kxf2 50. g4 Kg3 51. Kxd5 Kxh3 52. g5 Kg4 53. Ke5 Kxg5 54. Ke4 Kg4 55. Ke3 Kg3 56. Ke2 f5 57. Kf1 f4 58. Kg1 f3 59. Kh1 Kf4 60. Kg1 Ke3 61. Kf1 f2 62. Kg2 Ke2 63. Kh2 f1=Q 64. Kg3 Qf3+ 65. Kh2 Qg4 66. Kh1 Kf2 67. Kh2 Qh5# 0-1


[Site "https://www.chess.com"]

[Event "Titled Tuesday Blitz May 24 Late 2022"]
[White "Quesada Perez, Yuniesky"]
[Black "Maltsevskaya, Aleksandra"]
[WhiteFideId "3504409"]
[BlackFideId "24174041"]
[WhiteElo "2622"]
[BlackElo "2235"]
[Result "0-1"]
[Round "02"]
[TimeControl "180+1"]
[Date "2022.05.24"]
[WhiteClock "0:00:07"]
[BlackClock "0:00:09"]

1. e4 c5 2. Nf3 e6 3. d4 cxd4 4. Nxd4 Nf6 5. Nc3 Nc6 6. Nxc6 bxc6 7. e5 Nd5 8. Ne4 Qc7 9. f4 Qb6 10. a3 Ba6 11. Bxa6 Qxa6 12. Qf3 Be7 13. b3 Rb8 14. c4 f5 15. Nf2 Nb4 16. Qh5+ g6 17. Qe2 c5 18. O-O Nc6 19. Qd3 Nd4 20. b4 O-O 21. Be3 Qb7 22. Bxd4 cxd4 23. Qxd4 Rfd8 24. c5 a5 25. Rab1 axb4 26. axb4 Qc6 27. Qc4 Rb5 28. Nd3 Rdb8 29. Kh1 Qe4 30. Rfc1 Kf7 31. Ra1 Qc6 32. h3 h6 33. Ra7 g5 34. Qd4 R5b7 35. Rxb7 Rxb7 36. fxg5 hxg5 37. Rf1 Kg6 38. Kh2 Qe4 39. Qc3 Bd8 40. Re1 Qd5 41. g4 Bc7 42. gxf5+ exf5 43. Qc2 Rb8 44. Rg1 Bxe5+ 45. Nxe5+ Qxe5+ 46. Kh1 Rxb4 47. Qd2 Rf4 48. Qxd7 Qe4+ 49. Rg2 Rf1+ 50. Kh2 Qf4+ 51. Rg3 Rf2+ 52. Kh1 Qe4+ 53. Kg1 Qe1# 0-1


[Site "https://www.chess.com"]

[Event "Titled Tuesday Blitz May 24 Late 2022"]
[White "Redor, Menandro"]
[Black "Proudian, Armen"]
[WhiteFideId "5222010"]
[BlackFideId "2130734"]
[WhiteElo "1986"]
[BlackElo "2380"]
[Result "0-1"]
[Round "02"]
[TimeControl "180+1"]
[Date "2022.05.25"]
[WhiteClock "0:00:10"]
[BlackClock "0:01:04"]

1. d4 Nf6 2. Bf4 e6 3. c3 d5 4. e3 Bd6 5. Bg3 Bxg3 6. hxg3 b6 7. Bd3 c5 8. Nf3 Nc6 9. Nbd2 Qc7 10. Qe2 e5 11. e4 dxe4 12. Nxe4 cxd4 13. cxd4 Kf8 14. dxe5 Nxe5 15. Nxf6 gxf6 16. Rxh7 Rxh7 17. Bxh7 Bg4 18. Qe3 Kg7 19. Be4 Re8 20. Nxe5 Rxe5 21. f3 Bf5 22. Rc1 Qe7 23. Kf2 Bxe4 24. fxe4 Rxe4 25. Qf3 Qe5 26. Rc3 Qd5 27. Kg1 Qd4+ 28. Kh2 Re8 29. Rd3 Rh8+ 0-1


[Site "https://www.chess.com"]